 Dungeon Crawl Stone Soup version 0.26-a0-812-g31a745ddcd (webtiles) character file.

Game seed: 4910493091933491233

639 Ge0ff the Cudgeller (level 7, -3/52 HPs)
             Began as a Human Fighter on Nov 14, 2020.
             Slain by a centaur zombie (6 damage)
             ... in an ossuary.
             The game lasted 00:10:33 (3465 turns).

Ge0ff the Cudgeller (Human Fighter)                 Turns: 3465, Time: 00:10:33

Health: -3/52      AC:  9    Str: 16    XL:     7   Next: 80%
Magic:  7/7        EV:  7    Int:  9    God:
Gold:   164        SH:  9    Dex: 14    Spells: 6/6 levels left

rFire    . . .     SeeInvis .   a - +0 flail
rCold    . . .     Faith    .   c - +0 kite shield
rNeg     . . .     Spirit   .   b - +0 scale mail
rPois    .         Reflect  .   O - +0 helmet
rElec    .         Harm     .   (no cloak)
rCorr    .         Rampage  .   Y - +0 pair of gloves
MR       .....                  (no boots)
Stlth    ..........             (no amulet)
HPRegen  0.17/turn              R - ring of flight
MPRegen  0.10/turn              (no ring)

@: no status effects
A: no striking features
a: Evoke Flight


You were in an ossuary.
You visited 1 branch of the dungeon, and saw 4 of its levels.
You also visited: Ossuary.

You collected 164 gold pieces.

Inventory:

Hand Weapons
 a - a +0 flail (weapon)
 w - a +2 dagger of venom
Missiles
 V - 66 stones (quivered)
Armour
 b - a +0 scale mail (worn)
 c - a +0 kite shield (worn)
 J - a +0 tower shield
 O - a +0 helmet (worn)
 Y - a +0 pair of gloves (worn)
Jewellery
 R - a ring of flight (left hand)
Scrolls
 i - 3 scrolls of identify
 Q - a scroll of blinking {unknown}
 Z - a scroll of enchant weapon
Potions
 P - a potion of magic {unknown}
 X - a potion of flight


   Skills:
 + Level 3.4 Fighting
 * Level 7.3 Maces & Flails
 + Level 3.4 Armour
 + Level 1.4 Dodging
 + Level 3.4 Shields


You had 6 spell levels left.
You didn't know any spells.
Your spell library was empty.

Dungeon Overview and Level Annotations

Branches:
Dungeon (4/15)            Ossuary (1/1)
 Temple: D:4-7

Altars:
Cheibriados
Gozag
Ru
Yredelemnul
Zin

Annotations:
D:2 dig (gold)
D:4 Robin


Message History

Your shield prevents you from hitting the mummy.
The mummy is severely damaged.
The centaur zombie hits you.
* * * LOW HITPOINT WARNING * * *
You block the hobgoblin zombie's attack.
The centaur zombie hits you but does no damage.
The mummy completely misses you.
The centaur zombie hits you but does no damage.
You hit the mummy.
The mummy is almost destroyed.
The centaur zombie hits you but does no damage.
The hobgoblin zombie hits you but does no damage.
You block the mummy's attack.
The centaur zombie hits you but does no damage.
The centaur zombie hits you.
* * * LOW HITPOINT WARNING * * *
Your shield and scale mail prevent you from hitting the mummy.
The mummy is almost destroyed.
The centaur zombie hits you.
You die...

#.....#
#.....#
#.....#
#.....#
#..∩..#
#.....#
#..∩.Z#
#...MM#
#..ZZ@#
##.^.ZZ##
#.^...Z.#
##....^##
#.......#
##^^...##
#.^.....
##.^...##
.......


You could see 2 mummies, 4 hobgoblin zombies and 2 centaur zombies.

Vanquished Creatures
  A centaur (D:3)
  A scorpion (D:4)
  A centaur skeleton (D:4)
  An orc priest (D:4)
  A hound (D:4)
  4 orc wizards (D:4)
  A bullfrog skeleton (D:4)
  2 iguanas (D:4)
  A worker ant (D:4)
  A mummy (Ossuary)
  10 adders
  An ooze (D:3)
  An adder skeleton (D:4)
  A worm (D:3)
  2 dart slugs
  2 leopard geckos
  11 orcs
  4 giant cockroaches
  13 goblins
  9 hobgoblins
  6 jackals (D:1)
  2 kobolds
  3 quokkas (D:4)
  A ball python (D:2)
  4 bats
  4 frilled lizards
  11 rats
99 creatures vanquished.

Notes
Turn   | Place    | Note
-------+----------+-------------------------------------------
     0 | D:1      | Ge0ff the Human Fighter began the quest for the Orb.
     0 | D:1      | Reached XP level 1. HP: 18/18 MP: 1/1
   180 | D:1      | Reached XP level 2. HP: 24/24 MP: 2/2
   278 | D:1      | Reached skill level 3 in Maces & Flails
   470 | D:1      | Reached XP level 3. HP: 25/29 MP: 3/3
  1211 | D:2      | Reached skill level 4 in Maces & Flails
  1211 | D:2      | Reached XP level 4. HP: 31/35 MP: 4/4
  2192 | D:2      | Found a glowing silver altar of Zin.
  2353 | D:3      | Reached XP level 5. HP: 38/41 MP: 5/5
  2410 | D:3      | Reached skill level 5 in Maces & Flails
  2465 | D:3      | Noticed a centaur
  2576 | D:3      | Killed a centaur
  2576 | D:3      | Reached XP level 6. HP: 43/47 MP: 6/6
  2848 | D:3      | Reached skill level 6 in Maces & Flails
  2850 | D:3      | Found a snail-covered altar of Cheibriados.
  2852 | D:3      | Found an opulent altar of Gozag.
  2982 | D:3      | Found a basalt altar of Yredelemnul.
  2984 | D:3      | Found a sacrificial altar of Ru.
  3157 | D:4      | Noticed Robin
  3199 | D:4      | Reached XP level 7. HP: 34/52 MP: 7/7
  3242 | D:4      | Reached skill level 7 in Maces & Flails
  3248 | D:4      | Reached skill level 1 in Dodging
  3419 | D:4      | Found a sand-covered staircase.
  3424 | Ossuary  | Entered an ossuary
  3465 | Ossuary  | Slain by a centaur zombie

Illustrated notes

Levels and vault maps discovered:
D:1:      minmay_arrival_solitary_statue, layout_basic, chequers_garden,
          st_stairs_3
D:2:      layout_loops_corners, zin_treasury
D:3:      layout_basic, nicolae_overflow_hidden_temple
D:4:      layout_basic, enter_ossuary_2, uniq_robin
Ossuary:  ossuary_the_hunt_dpeg

Skill      XL: |  1  2  3  4  5  6  7 |
---------------+----------------------+-----
Maces & Flails | 3 4 5 6 7 |  7.3
Dodging        | 1 |  1.4
Fighting       | |  3.4
Armour         | |  3.4
Shields        | |  3.4

Action                   |  1- 3 |  4- 6 |  7- 9 || total
-------------------------+-------+-------+-------++-------
Melee: Flail             |   100 |   159 |    81 ||   340
       Dagger            |       |     5 |       ||     5
Throw: Stone             |    21 |    50 |    20 ||    91
  Use: Scroll            |       |     5 |       ||     5
       Potion            |       |     3 |     9 ||    12
Armor: Scale mail        |    47 |   111 |    40 ||   198
Dodge: Dodged            |    25 |    45 |    21 ||    91
Block: Kite shield       |    44 |    77 |    47 ||   168

Table legend: (Time is in decaauts)
 A = Elapsed time spent in this place.
 B = Non-inter-level travel time spent in this place.
 C = Inter-level travel time spent in this place.
 D = Time resting spent in this place.
 E = Time spent auto-exploring this place.
 F = Levels seen in this place.
 G = Mean time per level.
                   A        B        C        D        E       F      G
               +--------+--------+--------+--------+--------+-----+--------+
         Total |   3543 |   3391 |    152 |      0 |   2260 |   5 |  708.6 |
       Dungeon |   3501 |   3349 |    152 |      0 |   2260 |   4 |  875.2 |
       Ossuary |     41 |     41 |      0 |      0 |      0 |   1 |   41.0 |
               +--------+--------+--------+--------+--------+-----+--------+

Top non-repeatable levels by time:
     D:2: 1546 daAuts
     D:1: 936 daAuts
     D:3: 677 daAuts
     D:4: 341 daAuts
 Ossuary: 41 daAuts
